 Dungeon Sprint DCSS version 0.22-a0-402-ga933591 (webtiles) character file.

1480 soadsod the Grappler (level 8, 0/72 HPs)
             Began as a Naga Transmuter on May 6, 2018.
             Was an Initiate of Cheibriados.
             Slain by a polar bear (5 damage)
             ... in the Dungeon (Sprint II: "The Violet Keep of Menkaure").
             The game lasted 00:04:15 (755 turns).

soadsod the Grappler (Naga Transmuter)               Turns: 755, Time: 00:04:15

Health: 0/72       AC:  3    Str: 14    XL:     8   Next: 79%
Magic:  15/21      EV: 13    Int: 16    God:    Cheibriados [......]
Gold:   729        SH:  0    Dex: 13    Spells: 14/22 levels left

rFire    . . .     SeeInvis +     - Unarmed
rCold    . . .     Gourm    .   (shield currently unavailable)
rNeg     . . .     Faith    .   b - +0 robe
rPois    +         Spirit   .   (no helmet)
rElec    .         Reflect  .   (no cloak)
rCorr    .         Harm     .   (gloves currently unavailable)
MR       +....     NoTele   +   (no barding)
Stlth    +++.......             (no amulet)
HPRegen  0.22/turn              (no ring)
MPRegen  0.17/turn              (no ring)

@: blade hands, very slow
A: large, see invisible, deformed body, frail 1, high mp 1, poison resistance,
slowness 2, slow metabolism 1, spit poison 1, AC +2
a: Spit Poison, End Transformation, Bend Time, Renounce Religion


You were in the Dungeon.
You worshipped Cheibriados.
Cheibriados was noncommittal.
You were not hungry.
You had blades for hands.
You visited 1 branch You collected 729 gold pieces.

Inventory:

Missiles
 a - 11 arrows
Armour
 b - a +0 robe (worn)
Scrolls
 j - a scroll of blinking
Potions
 e - a potion of curing
 f - a potion of heal wounds
 h - 2 potions of magic
Comestibles
 d - a ration


   Skills:
 + Level 8.2 Fighting
 + Level 3.5 Armour
 + Level 6.9 Dodging
 - Level 6.1 Stealth
 + Level 8.7 Unarmed Combat
 + Level 7.7 Spellcasting
 + Level 8.3 Transmutations
 + Level 1.6 Invocations


You had 14 spell levels left.
You knew the following spells:

 Your Spells              Type           Power        Failure   Level  Hunger
b - Sticks to Snakes      Tmut           ####....     12%         2    None
c - Blade Hands           Tmut           ####......   47%         5    #####..
d - Beastly Appendage     Tmut           ####..       11%         1    None


Dungeon Overview and Level Annotations

Branches:
Dungeon (1/1)

Altars:
Cheibriados
Dithmenos
Elyvilon
Fedhas
Gozag
Hepliaklqana
Kikubaaqudgha
Makhleb
Nemelex Xobeh
Okawaru
Qazlal
Ru
Sif Muna
Trog
Uskayaw
Vehumet
Wu Jian
Xom
Yredelemnul
Zin
The Shining One
Beogh
Jiyva
Lugonu


Innate Abilities, Weirdness & Mutations

You cannot wear boots.
Your serpentine skin is tough. (AC +2)
You have supernaturally acute eyesight. (SInv)
Armour fits poorly on your strangely shaped body.
Your system is resistant to poisons. (rPois)
You cover ground very slowly.
You have a slow metabolism.
You can spit poison.
You are frail. (-10% HP)
You have an increased reservoir of magic. (+10% MP)


Message History

Your ball python bites the polar bear but does no damage.
You slash the polar bear!
The polar bear is heavily wounded.
The polar bear is engulfed in a cloud of scalding steam.
The polar bear bites you! The polar bear completely misses you.
The polar bear closely misses you. The polar bear bites you.
The polar bear misses you. The polar bear claws you.
Your ball python closely misses the polar bear.
You slice the polar bear!!
You kill the polar bear!
Cheibriados appreciates the change of pace.
Your Invocations skill increases to level 1!
You closely miss the hornet. The hornet stings you!
* * * LOW HITPOINT WARNING * * *
The polar bear bites you.
* * * LOW HITPOINT WARNING * * *
The polar bear claws you.
* * * LOW HITPOINT WARNING * * *
The polar bear claws you.
You die...

.#....# ...# ####..##
#..# .#▓%%(??? ##.##..#
+..# .#▓)!%?$$% #..##..#
#..# .#▓%)[?[!!
'.##'..####..##.#▓([)(%%?
#.#.#....###...##▓▓▓▓▓▓▓+
##.##......≈≈≈≈≈≈≈≈≈≈≈≈≈.
####≈≈.....≈#'########+##
.#≈≈§≈≈≈≈.§≈#hcy@._..#≈≈§
##≈≈≈≈§≈≈≈.≈#..hS_._.#§§§
#≈≈≈≈§≈§≈§≈§#..._._._#≈≈≈
≈≈≈≈≈≈≈§≈§≈≈#.._._._.#≈≈t
++#§≈≈≈§≈≈≈§#._._._._#§§§
##§≈§###§§#_._._._.#§t≈
##§≈ #§§#._._._._#§§§
#≈≈#_._._...#≈≈§
≈≈≈##########§§§


You could see 2 polar bears, a yaktaur, a hornet, a crocodile (sleeping) and a
friendly ball python.

Vanquished Creatures
  A merfolk siren (D)
  A polar bear (D)
  2 hippogriffs (D)
  4 neqoxecs (D)
  Menkaure (D)
  A crocodile (D)
10 creatures vanquished.

Vanquished Creatures (others)
  A crocodile (D)
1 creature vanquished.

Grand Total: 11 creatures vanquished

Notes
Turn   | Place    | Note
-------+----------+-------------------------------------------
     0 | D        | soadsod the Naga Transmuter began the quest for the Orb.
     0 | D        | Reached XP level 1. HP: 18/18 MP: 3/3
     1 | D        | Noticed a hippogriff
     1 | D        | Noticed a hippogriff
     4 | D        | Noticed a neqoxec
     4 | D        | Noticed a neqoxec
     4 | D        | Noticed a neqoxec
     4 | D        | Noticed a neqoxec
     6 | D        | Noticed an iron imp
     6 | D        | Noticed a crimson imp
     9 | D        | Killed a crocodile
    14 | D        | Gained mutation: You have an increased reservoir of magic. (+10% MP) [a neqoxec]
    16 | D        | Killed a neqoxec
    16 | D        | Reached XP level 2. HP: 30/30 MP: 2/7
    16 | D        | Reached XP level 3. HP: 36/36 MP: 2/9
    16 | D        | Reached XP level 4. HP: 44/44 MP: 2/11
    16 | D        | Reached XP level 5. HP: 50/50 MP: 2/12
    21 | D        | Gained mutation: You are frail. (-10% HP) [a neqoxec]
    22 | D        | Killed a neqoxec
    22 | D        | Reached skill level 5 in Fighting
    22 | D        | Reached skill level 5 in Unarmed Combat
    22 | D        | Reached skill level 5 in Spellcasting
    22 | D        | Reached skill level 5 in Transmutations
    22 | D        | Reached XP level 6. HP: 54/54 MP: 3/15
    25 | D        | Killed a neqoxec
    25 | D        | Reached skill level 5 in Dodging
    31 | D        | Killed a neqoxec
    31 | D        | Reached XP level 7. HP: 35/63 MP: 3/18
   116 | D        | Noticed Menkaure
   118 | D        | Killed Menkaure
   137 | D        | Noticed an ice statue
   143 | D        | Found a blossoming altar of Fedhas.
   143 | D        | Found an opulent altar of Gozag.
   309 | D        | Learned a level 2 spell: Sticks to Snakes
   315 | D        | Learned a level 5 spell: Blade Hands
   320 | D        | Noticed a merfolk siren
   333 | D        | Killed a merfolk siren
   333 | D        | Reached XP level 8. HP: 56/72 MP: 8/20
   404 | D        | Killed a hippogriff
   404 | D        | HP: 30/72 [hippogriff (9)]
   406 | D        | HP: 13/72 [hippogriff (2)]
   407 | D        | HP: 5/72 [hippogriff (2)]
   408 | D        | Killed a hippogriff
   723 | D        | Noticed a tyrant leech
   723 | D        | Noticed a tyrant leech
   735 | D        | Found a white marble altar of Elyvilon.
   735 | D        | Found a burning altar of Makhleb.
   735 | D        | Found a sparkling altar of Nemelex Xobeh.
   736 | D        | Found a shadowy altar of Dithmenos.
   736 | D        | Found a corrupted altar of Lugonu.
   736 | D        | Found a hide-covered altar of Uskayaw.
   737 | D        | Found a snail-covered altar of Cheibriados.
   737 | D        | Found an ancient bone altar of Kikubaaqudgha.
   737 | D        | Found a bloodstained altar of Trog.
   738 | D        | Found a roughly hewn altar of Beogh.
   738 | D        | Found a viscous altar of Jiyva.
   738 | D        | Found a deep blue altar of Sif Muna.
   739 | D        | Found a hazy altar of Hepliaklqana.
   739 | D        | Found a sacrificial altar of Ru.
   740 | D        | Found a shimmering altar of Xom.
   741 | D        | Found a stormy altar of Qazlal.
   741 | D        | Found an ornate altar of the Wu Jian Council.
   741 | D        | Found a basalt altar of Yredelemnul.
   741 | D        | Found a glowing golden altar of the Shining One.
   741 | D        | Noticed a hornet
   741 | D        | Noticed a polar bear
   741 | D        | Noticed a polar bear
   742 | D        | Found a radiant altar of Vehumet.
   742 | D        | Found an iron altar of Okawaru.
   742 | D        | Found a glowing silver altar of Zin.
   742 | D        | Noticed a yaktaur
   743 | D        | Noticed a polar bear
   747 | D        | Became a worshipper of Cheibriados the Contemplative
   753 | D        | HP: 34/72 [polar bear (4)]
   754 | D        | Killed a polar bear
   754 | D        | Reached skill level 1 in Invocations
   755 | D        | HP: 14/72 [hornet (16)]
   755 | D        | HP: 5/72 [polar bear (3)]
   755 | D        | Slain by a polar bear

Vault maps used:
D:        the_violet_keep_of_menkaure

Skill      XL: |  1  2  3  4  5  6  7  8 |
---------------+-------------------------+-----
Fighting       | 3 5 6 7 8 |  8.2
Dodging        | 3 4 5 6 |  6.9
Stealth        | 6 |  6.1
Unarmed Combat | 4 5 7 8 |  8.7
Spellcasting   | 4 5 6 7 |  7.7
Transmutations | 4 5 6 7 8 |  8.3
Armour         | 2 3 |  3.5
Invocations    | 1 |  1.6

Action                   |  1- 3 |  4- 6 |  7- 9 || total
-------------------------+-------+-------+-------++-------
Melee: Unarmed           |     8 |    14 |    28 ||    50
       Headbutt          |     3 |     4 |     1 ||     8
 Cast: Beastly Appendage |     1 |       |     1 ||     2
       Blade Hands       |       |       |     3 ||     3
       Sticks to Snakes  |       |       |     1 ||     1
 Abil: Spit Poison       |       |       |     3 ||     3
  Use: Potion            |     2 |       |       ||     2
Armor: Robe              |     1 |       |     4 ||     5
Dodge: Dodged            |     3 |     3 |    17 ||    23

Table legend:
 A = Spawn XP
 B = Non-spawn XP
 C = Spawn XP percentage of total XP
 D = Spawn monster count
 E = Non-spawn monster count
 F = Spawn count percentage of total count
 G = Total turns spent on level
                    A         B        C        D         E        F      G
               +---------+---------+-------+---------+---------+-------+---------
         Total |       0 |    2115 |   0.0 |       0 |      10 |   0.0 |   755
               +---------+---------+-------+---------+---------+-------+---------
             D |       0 |    2115 |   0.0 |       0 |      10 |   0.0 |   755
               +---------+---------+-------+---------+---------+-------+---------
